 Dungeon Crawl Stone Soup version 0.31-a0-876-gfe8ebadbca (webtiles) character file.

Game seed: 14754319129594316630

47 kae the Vexing (level 3, 0/25 HPs)
             Began as a Demonspawn Enchanter on Oct 13, 2023.
             Killed by divine providence
             ... invoked by an orc priest
              (11 damage)
             ... on level 2 of the Dungeon.
             The game lasted 00:00:53 (942 turns).

kae the Vexing (Demonspawn Enchanter)                Turns: 942, Time: 00:00:53

Health: 0/25       AC:  2    Str:  8    XL:     3   Next: 48%
Magic:  4/6        EV: 12    Int: 18    God:
Gold:   80         SH:  0    Dex: 13    Spells: 1/6 levels left

rFire   . . .        a - +1 dagger
rCold   . . .        (no shield)
rNeg    . . .        b - +0 robe
rPois   .            (helmet restricted)
rElec   .            (no cloak)
rCorr   .            (no gloves)
SInv    .            (no boots)
Will    .....        (no amulet)
Stlth   ++           (no ring)
HPRegen 0.24/turn    (no ring)
MPRegen 0.10/turn

%: no passive effects
@: no status effects
A: antennae 1, foul stench 1
a: no special abilities


You were on level 2 of the Dungeon.
You visited 1 branch of the dungeon, and saw 2 of its levels.

You collected 80 gold pieces.


Innate Abilities, Weirdness & Mutations

You have a pair of small antennae on your head.
You may rarely emit foul miasma when damaged in melee.


   Skills:
 + Level 0.7 Fighting
 * Level 1.6 Short Blades
 + Level 2.1 Dodging
 + Level 2.9 Stealth
 + Level 2.2 Spellcasting
 * Level 3.4 Hexes
 + Level 0.2 Ice Magic


You had one spell level left.
You knew the following spells:

 Your Spells              Type           Power      Damage    Failure   Level
a - Ensorcelled Hibernat  Hex/Ice        16%        N/A       13%         2
b - Confusing Touch       Hex            14%        N/A       13%         3

Your spell library contained the following spells:

 Spells                   Type           Power      Damage    Failure   Level
 Tukima's Dance           Hex            14%        N/A       13%         3
 Lesser Beckoning         Tloc           4%         N/A       26%         2
 Dazzling Flash           Conj/Hex       16%        N/A       26%         3
 Gell's Gravitas          Tloc           2%         N/A       47%         3
 Teleport Other           Tloc           2%         N/A       47%         3

Inventory:

Hand Weapons
 a - a +1 dagger (weapon)
Missiles
 g - 2 stones
Armour
 b - a +0 robe (worn)
Scrolls
 d - a scroll of fog {unknown}
 h - a scroll of fear {unknown}
 i - a scroll of identify {unknown}
Potions
 c - 2 potions of invisibility
 e - a potion of haste {unknown}
 f - 2 potions of lignification {unknown}

Dungeon Overview and Level Annotations

Branches:
Dungeon (2/15) Zot: 11064

Altars:

Shops:
D:1

( ### #.. ... ... #.#
#.. ##.## #.# ... #.#
#o# #.# #@# ##.## #.#
##...## ..##
#.###.....##
.....##.##.......####
#...................#
#....##.##.......##.####
#... #†###.............
... #.# ##...####.####
## ... ..#### #.#


You could see an orc priest.


Message History

You take 3 damage, and now have 8/25 hp.
You hit the adder.
You kill the adder!
You feel sick. 😨 HP[-1]
You take 1 damage, and now have 7/25 hp.
You feel sick.
You are no longer poisoned.
You see here an adder corpse. 😱 HP[-1]
You take 1 damage, and now have 6/25 hp.
Unknown command.
A goblin comes into view. It is wielding a +0 dagger. 😕 HP[+15]
You regained 15 hp, and now have 21/25 hp.
A goblin is nearby!
A goblin is nearby!
A goblin is nearby!
The goblin shouts!
A goblin is nearby!
You hit the goblin. The goblin closely misses you. 😕 HP[+1]
A goblin is nearby!
You hit the goblin.
You kill the goblin!
No target in view!
h - a scroll labelled ECSO PUCWUHYE 😎 HP[+3]
Your hp is fully restored (25).
No target in view!
No target in view!
You now have 53 gold pieces (gained 19).
Found a stone staircase leading down.
No target in view!
No target in view!
You now have 62 gold pieces (gained 9).
You see here a scarf of resistance.
No target in view!
No target in view!
You now have 68 gold pieces (gained 6).
You now have 80 gold pieces (gained 12).
i - a scroll labelled GOMEHE PUCS No target in view!
No target in view!
A bat and an orc come into view.
The bat barely misses you. The bat misses you.
You hit the bat.
You kill the bat!
An orc is nearby!
An orc is nearby!
The orc shouts!
You hear a shout!
An orc comes into view. It is wielding a +0 club.
There are monsters nearby!
The orc hits you with a +0 whip.
You emit a cloud of foul miasma!
An orc priest comes into view. It is wielding a +0 falchion. 😕 HP[-6]
You take 6 damage, and now have 19/25 hp.
MASSIVE DAMAGE!! (PAUSE)
You closely miss the orc.
The orc is engulfed in dark miasma.
The orc is poisoned.
The orc misses you.
The orc priest shouts!
You hit the orc.
The orc is engulfed in dark miasma.
The orc looks even sicker.
You kill the orc!
The orc closely misses you.
The orc priest invokes the aid of Beogh against you.
Beogh smites you!
* * * LOW HITPOINT WARNING * * *
Things that are here:
a +0 whip; a +0 leather armour; an orc corpse 😨 HP[-10]
You take 10 damage, and now have 9/25 hp.
MASSIVE DAMAGE!! (PAUSE)
You hit the orc.
The orc hits you but does no damage. 😨 HP[+1]
You hit the orc. The orc hits you but does no damage.
You barely miss the orc. You closely miss the orc.
The orc priest miscasts a cantrip.
The orc closely misses you.
You hit the orc.
You kill the orc! 😨 HP[+1] Cast which spell? (? or * to list)
Aiming: Ensorcelled Hibernation (safe; 13% risk of failure)
Press: ? - help, Shift-Dir - straight line, f - orc priest
Aim: an orc priest, wielding a +0 falchion (chance to affect: 41%)
The orc priest looks drowsy... 😨 MP[-2]
You lost 2 mp, and now have 4/6 mp.
Casting: Ensorcelled Hibernation (safe; 13% risk of failure)
Confirm with . or Enter, or press ? or * to list all spells.
You can't see any susceptible monsters within range! (Use Z to cast anyway.)
Casting: Ensorcelled Hibernation (safe; 13% risk of failure)
Confirm with . or Enter, or press ? or * to list all spells.
You can't see any susceptible monsters within range! (Use Z to cast anyway.)
The helpless orc priest fails to defend itself.
You puncture the orc priest!
The orc priest invokes the aid of Beogh against you.
Beogh smites you!
You die...

Skill      XL: |  1  2 |
---------------+-------+-----
Short Blades   | 1 |  1.6
Dodging        | 2 |  2.1
Fighting       | |  0.7
Stealth        | |  2.9
Spellcasting   | |  2.2
Hexes          | |  3.4
Ice Magic      | |  0.2

Action                     || total
---------------------------++-------
  Melee: Dagger            ||   109
   Cast: Ensorcelled Hiber ||     1
   Stab: Sleeping          ||     5
 Armour: Robe              ||    43
  Dodge: Dodged            ||    69

Levels and vault maps discovered:
D:1:      lightli_arrival_quake, layout_rooms, serial_shops, shop,
          ebering_ecumenical_altar_petrified, hangedman_abyss_or_decor_stabs,
          dreamdust_mushroom_princess
D:2:      layout_loops_ring, basic_altar

Notes
Turn   | Place    | Note
-------+----------+-------------------------------------------
     0 | D:1      | kae the Demonspawn Enchanter began the quest for the Orb.
     0 | D:1      | Reached XP level 1. HP: 13/13 MP: 3/3
     0 | D:1      | magus.rc [v1.11.3]
   113 | D:1      | Reached skill level 1 in Short Blades
   207 | D:1      | You pick up a book of Displacement and begin reading...
   207 | D:1      | You add the spells Lesser Beckoning, Gell's Gravitas and
                  | Teleport Other to your library.
   248 | D:1      | Found a faded altar of an unknown god.
   259 | D:1      | Gained mutation: You may rarely emit foul miasma when
                  | damaged in melee. [demonic ancestry]
   259 | D:1      | Reached XP level 2. HP: 19/19 MP: 5/5
   270 | D:1      | Found Wotorr's Weapon Shop.
   405 | D:1      | Reached skill level 2 in Dodging
   565 | D:1      | Gained mutation: You have a pair of small antennae on your
                  | head. [demonic ancestry]
   565 | D:1      | Reached XP level 3. HP: 24/25 MP: 6/6
   580 | D:1      | Learned a level 2 spell: Ensorcelled Hibernation
   584 | D:1      | Learned a level 3 spell: Confusing Touch
   759 | D:2      | HP: 6/25 [poisoned by an adder]
   942 | D:2      | Killed from afar by an orc priest

Vanquished Creatures
  An adder (D:2)
  A dart slug (D:1)
  2 orcs (D:2)
  2 ball pythons (D:1)
  A bat (D:2)
  3 endoplasms (D:1)
  3 giant cockroaches (D:1)
  A hobgoblin (D:1)
  4 jackals (D:1)
  A frilled lizard (D:1)
  4 goblins
  4 kobolds (D:1)
  3 rats (D:1)
30 creatures vanquished.

Table legend:
 A = Non-vault XP
 B = Vault XP
 C = Vault XP percentage of total XP
 D = Non-vault monster count
 E = Vault monster count
 F = Vault count percentage of total count
                 A         B        C        D         E       F
            +---------+---------+-------+---------+---------+-------
      Total |      68 |       0 |   0.0 |      30 |       0 |   0.0
            +---------+---------+-------+---------+---------+-------
        D:1 |      44 |       0 |   0.0 |      25 |       0 |   0.0
        D:2 |      24 |       0 |   0.0 |       5 |       0 |   0.0
            +---------+---------+-------+---------+---------+-------

Skill      XL: |  1  2 |
---------------+-------+-----
Short Blades   | 1 |  1.6
Dodging        | 2 |  2.1
Fighting       | |  0.7
Stealth        | |  2.9
Spellcasting   | |  2.2
Hexes          | |  3.4
Ice Magic      | |  0.2

Action                     || total
---------------------------++-------
  Melee: Dagger            ||   109
   Cast: Ensorcelled Hiber ||     1
   Stab: Sleeping          ||     5
 Armour: Robe              ||    43
  Dodge: Dodged            ||    69

Illustrated notes

Table legend:
 A = Kills in this place as a percentage of kills in the entire game.
 B = Kills by you in this place as a percentage of kills by you in the entire game.
 C = Kills by friends in this place as a percentage of kills by friends in the entire game.
 D = Other kills in this place as a percentage of other kills in the entire game.
 E = Experience gained in this place as a percentage of experience gained in the entire game.
 F = Experience gained in this place divided by the number of levels of this place that you have seen.
                   A       B       C       D       E      F
               +-------+-------+-------+-------+-------+----------------------
         Total | 100.0 | 100.0 |   N/A |   N/A | 100.0 |  34.0
       Dungeon | 100.0 | 100.0 |   N/A |   N/A | 100.0 |  34.0
               +-------+-------+-------+-------+-------+----------------------

Table legend: (Time is in decaauts)
 A = Elapsed time spent in this place.
 B = Non-inter-level travel time spent in this place.
 C = Inter-level travel time spent in this place.
 D = Time resting spent in this place.
 E = Time spent auto-exploring this place.
 F = Levels seen in this place.
 G = Mean time per level.
                   A        B        C        D        E       F      G
               +--------+--------+--------+--------+--------+-----+--------+
         Total |    934 |    885 |     49 |      2 |    654 |   2 |  467.0 |
       Dungeon |    934 |    885 |     49 |      2 |    654 |   2 |  467.0 |
               +--------+--------+--------+--------+--------+-----+--------+

Top non-repeatable levels by time:
     D:1: 699 daAuts
     D:2: 234 daAuts
